AoeStats
← Malik Bhai

Arena

507897351Analyzed
1v1 RM · 12d ago on Sep 20, 2026· 60m 21s· 2 players
Game mode
Random Map
Map size
Tiny (2 player)
Population
200
Speed
Normal
Resources
Standard
Victory
Conquest
Starting age
Dark Age
Ending age
Imperial Age
RankedLock teamsTeams togetherTeam positionsShared explorationLock speedFull tech treeHidden civsTurbo modeCheats
Victory
Defeat
🇵🇰 Bohemians · Pakistan
1767
+10
🇨🇳 Mongols · China
1624
-10
793970306
10:22 Feudal Age
11:18 Double-Bit Axe
13:58 Castle Age
13:11 Horse Collar
23:00 Fletching
24:03 Bow Saw
23:42 Man-at-Arms
24:24 Squires
25:34 Loom
27:05 Wheelbarrow
26:16 Town Watch
31:01 Imperial Age
29:06 Scale Barding Armor
29:05 Bodkin Arrow
29:49 Hand Cart
32:07 Ballistics
31:50 Bracer
32:00 Light Cavalry
32:50 Bloodlines
32:40 Husbandry
34:02 Chemistry
33:03 Gold Mining
33:05 Stone Mining
34:16 Padded Archer Armor
35:07 Gold Shaft Mining
36:04 Stone Shaft Mining
37:10 Leather Archer Armor
46:29 Thumb Ring
52:59 Chain Barding Armor
55:13 Forging
Malik Bhai
10:06 Feudal Age
13:49 Castle Age
12:07 Double-Bit Axe
13:00 Horse Collar
20:59 Loom
25:11 Imperial Age
24:50 Chemistry
24:10 Fletching
25:09 Bow Saw
25:40 Wheelbarrow
27:09 Padded Archer Armor
30:16 Town Watch
30:47 Hand Cart
31:41 Leather Archer Armor
34:04 Ring Archer Armor
36:21 Ballistics
36:27 Bodkin Arrow
39:38 Bracer
39:47 Elite Skirmisher
51:12 Clinker Construction
54:03 Siege Engineers
56:11 Clinker Construction
Connection lost

Rejoining the realm…

Still unreachable

The connection could not be restored.

Session expired

The server has moved on; the page needs a fresh start.